 Dungeon Sprint DCSS version 0.27-a0-1332-g84bddb5ca7 (webtiles) character file.

Game seed: 16576973817938990216

1952 mhtbhm the Eclecticist (level 8, -4/45 HPs)
             Began as a Deep Elf Earth Elementalist on June 25, 2021.
             Was a Believer of Vehumet.
             Splashed by a brown ugly thing's acid (10 damage)
             ... in the Dungeon (Sprint IX: "|||||||||||||||||||||||||||||").
             The game lasted 00:02:11 (696 turns).

mhtbhm the Eclecticist (Deep Elf Earth Elementalist) Turns: 696, Time: 00:02:12

Health: -4/45      AC:  5    Str:  5    XL:     8   Next: 99%
Magic:  8/30       EV: 16    Int: 23    God:    Vehumet [**....]
Gold:   0          SH:  0    Dex: 15    Spells: 28/39 levels left

rFire    . . .     SeeInvis .   a - +2 morningstar (protect)
rCold    . . .     Faith    .   (no shield)
rNeg     . . .     Spirit   .   b - +0 robe
rPois    .         Reflect  .   (no helmet)
rElec    .         Harm     .   (no cloak)
rCorr    .         Rampage  .   m - +0 pair of gloves
Will     .....     NoTele   +   (no boots)
Stlth    +++.......             (no amulet)
HPRegen  0.15/turn              p - +2 ring of protection
MPRegen  0.22/turn              o - +2 ring of evasion

@: no status effects
A: no striking features
a: Renounce Religion


You were in the Dungeon.
You worshipped Vehumet.
Vehumet was pleased with you.
You visited 1 branch

Inventory:

Hand Weapons
 a - a +2 morningstar of protection (weapon)
Missiles
 i - 8 stones
Armour
 b - a +0 robe (worn)
 m - a +0 pair of gloves (worn)
 n - a +0 helmet
Jewellery
 o - a +2 ring of evasion (right hand)
 p - a +2 ring of protection (left hand)
Wands
 k - a wand of iceblast (8)
Scrolls
 h - a scroll of blinking
 j - 2 scrolls of amnesia
Potions
 c - 5 potions of curing
 d - a potion of heal wounds
 e - a potion of haste
 f - 4 potions of magic
 g - a potion of berserk rage
 l - a potion of invisibility


   Skills:
 + Level 2.3 Fighting
 + Level 6.0 Dodging
 + Level 5.6 Stealth
 + Level 16.4 Spellcasting
 + Level 2.5 Conjurations
 + Level 1.9 Transmutations
 + Level 14.1 Earth Magic
 + Level 1.0 Evocations


You had 28 spell levels left.
You knew the following spells:

 Your Spells              Type           Power      Damage    Failure   Level
a - Sandblast             Erth           100%       2d20      0%          1
b - Passwall              Tmut/Erth      45%        N/A       1%          2
c - Stone Arrow           Conj/Erth      100%       3d13      1%          3
d - Lee's Rapid Deconstr  Erth           35%        3d19*     1%          5

Your spell library contained the following spells:

 Spells                   Type           Power      Damage    Failure   Level
 Dazzling Flash           Conj/Hex       48%        N/A       5%          3
 Petrify                  Tmut/Erth      54%        N/A       1%          4


Dungeon Overview and Level Annotations

Branches:
Dungeon (1/1)

Altars:
Cheibriados
Dithmenos
Elyvilon
Fedhas
Gozag
Hepliaklqana
Kikubaaqudgha
Makhleb
Nemelex Xobeh
Okawaru
Qazlal
Ru
Sif Muna
Trog
Uskayaw
Vehumet
Wu Jian
Xom
Yredelemnul
Zin
The Shining One
Beogh
Jiyva
Lugonu


Message History

You kill the manticore!
Vehumet accepts your kill.
The blast of rock fragments hits the two-headed ogre!
You kill the two-headed ogre!
Vehumet accepts your kill.
Vehumet offers you knowledge of Dazzling Flash.
You feel your power returning.
Your Fighting skill increases to level 2!
Your Dodging skill increases to level 6!
Your Spellcasting skill gained 3 levels and is now at level 16!
Your Conjurations skill increases to level 2!
Your Earth Magic skill gained 2 levels and is now at level 14!
Your Evocations skill increases to level 1!
You have reached level 8!
You feel clever.
The tengu conjurer gestures wildly while chanting.
Casting: Lee's Rapid Deconstruction (dangerous; 1% risk of failure)
Confirm with . or Enter, or press ? or * to list all spells.
Aiming: Lee's Rapid Deconstruction (dangerous; 1% risk of failure)
Press: ? - help, Dir - move target, f - acid dragon Fragment what (e.g. wall or brittle monster)?: an acid dragon An open door.
The stone door frame shatters!
The blast of rock fragments hits the acid dragon!
The acid dragon is severely wounded.
The blast of rock fragments hits the brown ugly thing!!
The brown ugly thing is moderately wounded.
A battlesphere comes into view.
Unknown command.
Unknown command.
Aiming: Iceblast
Press: ? - help, Shift-Dir - straight line, f/p - acid dragon
Aim: an acid dragon (severely wounded)
The mass of ice explodes!
The iceblast engulfs the brown ugly thing!
The brown ugly thing is heavily wounded.
The brown ugly thing pecks you!
* * * LOW HITPOINT WARNING * * *
You are splashed with acid!
You die...

▓.▓
▓.▓
▓*▓
▓Q▓
▓'▓
▓D▓
▓.▓
▓u▓
▓@▓
▓.▓
▓÷▓
▓÷▓
▓.▓
▓.▓
▓[▓
▓.▓
▓.▓


You could see a brown ugly thing, a tengu conjurer, an acid dragon and a
battlesphere.

Vanquished Creatures
  A two-headed ogre (D)
  A manticore (D)
  A komodo dragon (D)
  A shadow (D)
  A wraith (D)
  2 yaks (D)
  A killer bee (D)
  A howler monkey (D)
  A jelly (D)
  An iguana (D)
  An adder (D)
  An orc (D)
  A giant cockroach (D)
  A hobgoblin (D)
  2 kobolds (D)
  A ball python zombie (D)
  A rat (D)
19 creatures vanquished.

Notes
Turn   | Place    | Note
-------+----------+-------------------------------------------
     0 | D        | mhtbhm the Deep Elf Earth Elementalist began the quest for
                  | the Orb.
     0 | D        | Reached XP level 1. HP: 10/10 MP: 6/6
    38 | D        | Reached skill level 4 in Spellcasting
    79 | D        | Noticed an iguana
    79 | D        | Noticed a jelly
    82 | D        | Killed a jelly
    83 | D        | Reached skill level 6 in Spellcasting
    83 | D        | Reached skill level 5 in Earth Magic
    83 | D        | Reached XP level 2. HP: 15/15 MP: 4/11
    83 | D        | Reached XP level 3. HP: 19/19 MP: 4/12
    87 | D        | Reached skill level 7 in Spellcasting
    87 | D        | Reached XP level 4. HP: 24/24 MP: 0/15
   192 | D        | Learned a level 2 spell: Passwall
   196 | D        | Learned a level 3 spell: Stone Arrow
   202 | D        | Found a snail-covered altar of Cheibriados.
   202 | D        | Found a shadowy altar of Dithmenos.
   202 | D        | Found a white marble altar of Elyvilon.
   202 | D        | Found a blossoming altar of Fedhas.
   202 | D        | Found an opulent altar of Gozag.
   203 | D        | Found a hazy altar of Hepliaklqana.
   204 | D        | Found a viscous altar of Jiyva.
   205 | D        | Found an ancient bone altar of Kikubaaqudgha.
   206 | D        | Found a corrupted altar of Lugonu.
   207 | D        | Found a burning altar of Makhleb.
   208 | D        | Found a sparkling altar of Nemelex Xobeh.
   209 | D        | Found an iron altar of Okawaru.
   210 | D        | Found a stormy altar of Qazlal.
   211 | D        | Found a sacrificial altar of Ru.
   212 | D        | Found a shimmering blue altar of Sif Muna.
   213 | D        | Found a bloodstained altar of Trog.
   214 | D        | Found a hide-covered altar of Uskayaw.
   215 | D        | Found a radiant altar of Vehumet.
   216 | D        | Found an ornate altar of the Wu Jian Council.
   217 | D        | Found a shimmering altar of Xom.
   218 | D        | Found a basalt altar of Yredelemnul.
   219 | D        | Found a glowing silver altar of Zin.
   220 | D        | Found a glowing golden altar of the Shining One.
   225 | D        | Became a worshipper of Vehumet
   260 | D        | Noticed a komodo dragon
   260 | D        | Noticed a yak
   260 | D        | Noticed a yak
   260 | D        | Noticed a shadow
   269 | D        | Killed a shadow
   270 | D        | Reached skill level 10 in Spellcasting
   270 | D        | Reached XP level 5. HP: 20/28 MP: 10/19
   270 | D        | Killed a yak
   271 | D        | Reached skill level 5 in Dodging
   271 | D        | Reached skill level 11 in Spellcasting
   271 | D        | Reached skill level 10 in Earth Magic
   271 | D        | Reached XP level 6. HP: 24/33 MP: 9/22
   271 | D        | Reached * piety under Vehumet
   271 | D        | Offered knowledge of Freeze by Vehumet.
   272 | D        | Reached skill level 1 in Fighting
   277 | D        | Killed a yak
   278 | D        | Reached skill level 5 in Stealth
   278 | D        | Reached skill level 12 in Spellcasting
   278 | D        | Reached XP level 7. HP: 12/38 MP: 4/25
   499 | D        | Learned a level 5 spell: Lee's Rapid Deconstruction
   504 | D        | Killed a komodo dragon
   504 | D        | Reached ** piety under Vehumet
   504 | D        | Offered knowledge of Shock by Vehumet.
   505 | D        | Reached skill level 13 in Spellcasting
   505 | D        | Reached skill level 1 in Conjurations
   688 | D        | Noticed a tengu conjurer
   688 | D        | Noticed a brown ugly thing
   688 | D        | Noticed a manticore
   688 | D        | Noticed a wraith
   688 | D        | Noticed a two-headed ogre
   692 | D        | Killed a wraith
   692 | D        | Killed a manticore
   692 | D        | Killed a two-headed ogre
   692 | D        | Offered knowledge of Dazzling Flash by Vehumet.
   693 | D        | Reached skill level 16 in Spellcasting
   693 | D        | Reached skill level 1 in Evocations
   693 | D        | Reached XP level 8. HP: 17/45 MP: 12/30
   696 | D        | Splashed by a brown ugly thing's acid

Illustrated notes

Levels and vault maps discovered:
D:        linesprint [early_d, line_temple, items_1, d_10, items_2, lair_1,
          lair_end, items_3, orc_1, orc_end, items_4, d_15, swamp_1, shoals_1,
          snake_1, spider_1, d_20, vaults_1, items_5, swamp_end, shoals_end,
          snake_end, spider_end, vaults_end, d_27, items_6, zot_1, zot_end,
          crypt_end, forest_end, elf_end, slime_end, tomb_end, abyss_end,
          pan_hell_end]

Skill      XL: |  1  2  3  4  5  6  7 |
---------------+----------------------+-----
Spellcasting   | 6 7 10 11 12 16 | 16.4
Earth Magic    | 5 6 9 10 11 14 | 14.1
Dodging        | 3 4 5 6 |  6.0
Stealth        | 3 4 5 |  5.6
Fighting       | 1 2 |  2.3
Conjurations   | 2 |  2.5
Evocations     | 1 |  1.0
Transmutations | |  1.9

Action                   |  1- 3 |  4- 6 |  7- 9 || total
-------------------------+-------+-------+-------++-------
 Cast: Sandblast         |    13 |    14 |       ||    27
       Lee's Rapid Decon |       |       |     5 ||     5
       Stone Arrow       |       |       |     3 ||     3
Evoke: Wand              |       |     1 |     1 ||     2
  Use: Potion            |       |     2 |       ||     2
       Scroll            |       |       |     1 ||     1
Armor: Robe              |       |     2 |       ||     2
Dodge: Dodged            |     2 |     4 |     2 ||     8

Table legend: (Time is in decaauts)
 A = Elapsed time spent in this place.
 B = Non-inter-level travel time spent in this place.
 C = Inter-level travel time spent in this place.
 D = Time resting spent in this place.
 E = Time spent auto-exploring this place.
 F = Levels seen in this place.
 G = Mean time per level.
                   A        B        C        D        E       F      G
               +--------+--------+--------+--------+--------+-----+--------+
         Total |    694 |    694 |      0 |    537 |     21 |   1 |  694.0 |
       Dungeon |    694 |    694 |      0 |    537 |     21 |   1 |  694.0 |
               +--------+--------+--------+--------+--------+-----+--------+

Top non-repeatable levels by time:
       D: 694 daAuts
